AoeStats
← thomas89671173

Arena

507937925Analyzed
1v1 RM · 12d ago on Sep 20, 2026· 34m 42s· 2 players
Game mode
Random Map
Map size
Tiny (2 player)
Population
200
Speed
Normal
Resources
Standard
Victory
Conquest
Starting age
Dark Age
Ending age
Imperial Age
RankedLock teamsTeams togetherTeam positionsShared explorationLock speedFull tech treeHidden civsTurbo modeCheats
Victory
Defeat
🇹🇼 Vietnamese · Taiwan
1265
+14
🇪🇸 Vikings · Spain
1229
-14
xrobibn
9:14 Feudal Age
14:47 Castle Age
12:59 Horse Collar
13:23 Double-Bit Axe
14:23 Gold Mining
19:17 Heavy Plow
19:35 Bow Saw
23:10 Loom
23:14 Town Watch
27:12 Imperial Age
25:06 Ballistics
26:32 Elite Skirmisher
27:06 Fletching
27:16 Padded Archer Armor
28:16 Bodkin Arrow
29:32 Chemistry
28:43 Siege Engineers
28:48 Masonry
28:38 Murder Holes
29:10 Town Patrol
29:19 Bracer
29:10 Treadmill Crane
30:59 Block Printing
31:14 Leather Archer Armor
31:01 Scale Mail Armor
31:11 Forging
30:33 Pikeman
31:13 Squires
31:39 Heavy Scorpion
34:03 Hoardings
33:50 Conscription
thomas89671173
10:59 Feudal Age
10:33 Loom
15:08 Castle Age
13:13 Double-Bit Axe
13:13 Horse Collar
16:20 Bow Saw
17:31 Wheelbarrow
23:38 Hand Cart
29:48 Imperial Age
27:34 Forging
28:10 Town Watch
29:12 Iron Casting
28:51 Bloodlines
28:42 Husbandry
28:49 Scale Barding Armor
30:03 Town Patrol
30:26 Chain Barding Armor
30:06 Elite Battle Elephant
32:14 Light Cavalry
Connection lost

Rejoining the realm…

Still unreachable

The connection could not be restored.

Session expired

The server has moved on; the page needs a fresh start.